AoeStats
← MUSLIM G0 H0M3

Arabia

507199005Analyzed
1v1 RM · 16d ago on Sep 17, 2026· 30m 3s· 2 players
Game mode
Random Map
Map size
Tiny (2 player)
Population
200
Speed
Normal
Resources
Standard
Victory
Conquest
Starting age
Dark Age
Ending age
Imperial Age
RankedLock teamsTeams togetherTeam positionsShared explorationLock speedFull tech treeHidden civsTurbo modeCheats
Victory
Defeat
🇨🇴 Romans · Colombia
946
+15
🇦🇷 Vikings · Argentina
928
-15
MUSLIM G0 H0M3
6:35 Loom
9:19 Feudal Age
10:46 Double-Bit Axe
15:10 Fletching
17:25 Town Watch
22:07 Castle Age
20:30 Padded Archer Armor
20:31 Horse Collar
20:43 Gold Mining
22:47 Bodkin Arrow
22:13 Crossbowman
23:33 Bow Saw
23:51 Ballistics
luis.esteban0226
5:13 Loom
8:16 Loom
10:34 Feudal Age
10:50 Man-at-Arms
15:23 Double-Bit Axe
21:24 Fletching
23:43 Castle Age
23:13 Padded Archer Armor
24:26 Bodkin Arrow
23:52 Elite Skirmisher
26:55 Bow Saw
30:12 Horse Collar
Connection lost

Rejoining the realm…

Still unreachable

The connection could not be restored.

Session expired

The server has moved on; the page needs a fresh start.